 Dungeon Crawl Stone Soup version 0.22-a0-162-g33bf1272b0 (console) character file.

111 Muffindrake the Sneak (level 4, -4/33 HPs)
             Began as a Vampire Assassin on Feb 12, 2018.
             Slain by a scorpion (8 damage)
             ... on level 4 of the Dungeon.
             The game lasted 00:05:51 (1975 turns).

Muffindrake the Sneak (Vampire Assassin)            Turns: 1975, Time: 00:05:52

Health: -4/33      AC:  3    Str: 10    XL:     4   Next: 62%
Magic:  4/4        EV: 12    Int: 13    God:
Gold:   117        SH:  0    Dex: 16    Spells: 3/3 levels left

rFire    . . .     SeeInvis +   a - +2 dagger
rCold    . . .     Gourm    .   (no shield)
rNeg     + . .     Faith    .   c - +0 robe
rPois    .         Spirit   .   (no helmet)
rElec    .         Reflect  .   d - +0 cloak
rCorr    .         Harm     .   (no gloves)
MR       .....                  (no boots)
Stlth    +++.......             (no amulet)
HPRegen  0.11/turn              (no ring)
MPRegen  0.09/turn              (no ring)

@: lethally poisoned (-4 -> -41)
A: fangs 3, see invisible, unbreathing
a: Bat Form


You were on level 4 of the Dungeon.
You were not thirsty.

You visited 1 branch of the dungeon, and saw 4 of its levels.

You collected 117 gold pieces.

Inventory:

Hand Weapons
 a - a +2 dagger (weapon)
 b - a +0 blowgun
Missiles
 e - 8 poisoned needles
 f - 2 curare-tipped needles
Armour
 c - a +0 robe (worn)
 d - a +0 cloak (worn)
Scrolls
 h - 3 scrolls of identify {unknown}
 i - a scroll of magic mapping {unknown}
 k - a scroll of random uselessness {unknown}
 m - 3 scrolls of teleportation {unknown}
 n - 3 scrolls of enchant weapon {unknown}
 o - a scroll of blinking {unknown}
Potions
 g - 24 potions of blood
 j - a potion of degeneration {unknown}
 l - a potion of curing {unknown}
 p - a potion of lignification {unknown}
 q - a potion of might {unknown}
 r - a potion of cancellation {unknown}


   Skills:
 - Level 1.7 Fighting
 * Level 5.4 Short Blades
 - Level 1.5 Throwing
 - Level 1.1 Dodging
 - Level 5.8 Stealth


You had 3 spell levels left.
You didn't know any spells.

Dungeon Overview and Level Annotations

Branches:
Dungeon (3/15)

Altars:


Innate Abilities, Weirdness & Mutations

You have razor-sharp teeth.
You have supernaturally acute eyesight. (SInv)
You can survive without breathing.


Message History

You are too injured to fight recklessly!
You are too injured to fight recklessly!
You are too injured to fight recklessly!
You hit the scorpion.
The scorpion is severely wounded.
You feel sick. The scorpion barely misses you.
You hit the scorpion but do no damage.
The scorpion is severely wounded.
You feel sick.
You hit the scorpion but do no damage.
The scorpion is severely wounded.
You feel sick. The scorpion stings you.
* * * LOW HITPOINT WARNING * * *
You are more poisoned.
The scorpion poisons you!
You closely miss the scorpion.
The scorpion is severely wounded.
* * * LOW HITPOINT WARNING * * *
You feel sick. The scorpion stings you!
You die...

... #.# #.#
#.# .#. #.#
.# #.##
##.##.#
##...
#..##.#
#####...##
#..##.# #..
.....
#..##.# #.#
...
#..##.####.#
#)#
#..##.##.#.#
#@#
#..........#
#s#
#>.........#
#.#
########.#.#
#.# #.#.#
#.#
#.#.####.#
#.#......#
#.######.#
#.# #... #..
...... #..
###.#.#


You could see a scorpion.

Vanquished Creatures
  3 adders (D:2)
  An ooze (D:1)
  A worm (D:2)
  3 dart slugs
  A leopard gecko (D:1)
  An orc (D:4)
  3 giant cockroaches
  9 goblins
  9 hobgoblins
  9 jackals
  4 bats
  7 frilled lizards
  6 kobolds
  11 rats
68 creatures vanquished.

Notes
Turn   | Place    | Note
-------+----------+-------------------------------------------
     0 | D:1      | Muffindrake the Vampire Assassin began the quest for the Orb.
     0 | D:1      | Reached XP level 1. HP: 16/16 MP: 1/1
   333 | D:1      | Reached XP level 2. HP: 15/22 MP: 2/2
   722 | D:1      | Reached XP level 3. HP: 6/27 MP: 3/3
  1096 | D:2      | Reached XP level 4. HP: 26/33 MP: 4/4
  1231 | D:2      | Reached skill level 5 in Short Blades
  1918 | D:3      | You fall through a shaft!
  1975 | D:4      | Slain by a scorpion

Vault maps used:
D:1:      dpeg_arrival_rooms_b
D:2:      mumra_celtic_spiral_tile
D:3:      old_standard_altar, vehumet_crystals, uniq_natasha
D:4:      nicolae_overflow_crystal_walls, uniq_blork_the_orc, uniq_ijyb

Skill      XL: |  1  2  3  4 |
---------------+-------------+-----
Short Blades   | 3 4 5 |  5.4
Fighting       | |  1.7
Throwing       | |  1.5
Dodging        | |  1.1
Stealth        | |  5.8

Action                   |  1- 3 |  4- 6 || total
-------------------------+-------+-------++-------
Melee: Dagger            |   121 |    91 ||   212
       Bite              |    12 |     8 ||    20
  Use: Potion            |     2 |     2 ||     4
 Stab: Sleeping          |     9 |     6 ||    15
       Distracted        |       |     1 ||     1
Armor: Robe              |    36 |    23 ||    59
Dodge: Dodged            |    81 |    34 ||   115

Table legend:
 A = Spawn XP
 B = Non-spawn XP
 C = Spawn XP percentage of total XP
 D = Spawn monster count
 E = Non-spawn monster count
 F = Spawn count percentage of total count
 G = Total turns spent on level
                    A         B        C        D         E        F      G
               +---------+---------+-------+---------+---------+-------+---------
         Total |       0 |     159 |   0.0 |       0 |      68 |   0.0 |  1975
               +---------+---------+-------+---------+---------+-------+---------
           D:1 |       0 |      56 |   0.0 |       0 |      29 |   0.0 |   950
           D:2 |       0 |      91 |   0.0 |       0 |      33 |   0.0 |   940
           D:4 |       0 |      12 |   0.0 |       0 |       6 |   0.0 |    57
               +---------+---------+-------+---------+---------+-------+---------
